 Dungeon Crawl Stone Soup version 0.21.0-22-g11d5b52 (webtiles) character file.

36 Monsterracer the Skirmisher (level 3, -1/29 HPs)
             Began as a Formicid Berserker on Jan 18, 2018.
             Was a Believer of Trog.
             Killed from afar by Natasha (10 damage)
             ... with a magic dart
             ... on level 2 of the Dungeon.
             The game lasted 00:01:31 (1008 turns).

Monsterracer the Skirmisher (Formicid Berserker)    Turns: 1008, Time: 00:01:32

Health: -1/29      AC:  2    Str: 22    XL:     3   Next: 57%
Magic:  3/3        EV: 12    Int:  6    God:    Trog [**....]
Gold:   43         SH:  0    Dex: 10    Spells: 2/2 levels left

rFire    . . .     SeeInvis +   a - +0 hand axe
rCold    . . .     Gourm    .   (no shield)
rNeg     . . .     Faith    .   b - +0 animal skin
rPois    .         Spirit   .   (helmet unavailable)
rElec    .         Reflect  .   (no cloak)
rCorr    .         Harm     .   (no gloves)
MR       ++...                  (no boots)
Stlth    +.........             (no amulet)
HPRegen  1.09/turn              (no ring)
MPRegen  0.08/turn              (no ring)

@: regenerating
A: permanent stasis, dig shafts and tunnels, four strong arms, antennae 3
a: Dig, Shaft Self, Trog's Hand, Burn Spellbooks, Renounce Religion


You were on level 2 of the Dungeon.
You worshipped Trog.
Trog was pleased with you.
You were hungry.

You visited 1 branch of the dungeon, and saw 2 of its levels.

You collected 43 gold pieces.

Inventory:

Hand Weapons
 a - a +0 hand axe (weapon)
Armour
 b - a +0 animal skin (worn)
Scrolls
 e - a scroll of remove curse {unknown}
 f - a scroll of teleportation {unknown}
 h - a scroll of enchant weapon {unknown}
 i - 2 scrolls of identify {unknown}
Potions
 d - a potion of agility {unknown}
 g - 4 potions of curing {unknown}
Comestibles
 c - a ration


   Skills:
 + Level 3.6 Fighting
 * Level 3.5 Axes
 + Level 2.6 Armour
 + Level 2.1 Dodging


You had 2 spell levels left.
You didn't know any spells.

Dungeon Overview and Level Annotations

Branches:
Dungeon (2/15)

Altars:

Annotations:
D:2 Natasha


Innate Abilities, Weirdness & Mutations

You cannot be hasted, slowed, berserked, paralysed or teleported.
You can dig through walls and to a lower floor.
Your four strong arms can wield two-handed weapons with a shield.
You have a pair of large antennae on your head. (SInv)


Message History

No target in view!
No target in view!
Found a hand axe.
Found a scroll labeled AMEOLO MEALADU.
A kobold is nearby!
You hit the kobold.
The kobold is severely wounded.
The kobold hits you but does no damage.
You hit the kobold.
You kill the kobold!
Trog accepts your kill.
No target in view!
No target in view!
No target in view!
Found a dagger.
You now have 34 gold pieces (gained 12).
i - 2 scrolls labeled AMEOLO MEALADU (gained 1)
You now have 43 gold pieces (gained 9).
Done exploring.
Done exploring.
No target in view!
Done exploring.
No target in view!
You see here a dagger.
There is a stone staircase leading down here.
You climb downwards.
There is a stone staircase leading up here.
No target in view!
A rat comes into view.
A rat is nearby!
Found 12 gold pieces.
A rat is nearby!
You hit the rat.
The rat is severely wounded.
The rat misses you.
You closely miss the rat.
The rat is moderately wounded.
The rat closely misses you.
You slash the rat!
You kill the rat!
Trog accepts your kill.
You see here a rat corpse.
A worm comes into view.
You see here 12 gold pieces.
A worm is nearby!
Natasha, Servant of Life and Death comes into view.
Natasha hisses angrily.
There are monsters nearby!
You barely miss the worm.
Natasha mumbles some strange words.
Natasha's front paws start to glow.
A goblin comes into view.
The goblin shouts!
You slash the worm!
The worm is moderately wounded.
Natasha mumbles some strange words.
The worm bites you!
You take 7 damage, and have 22/29 hp.
MASSIVE DAMAGE!!
You slash the worm!
The worm is severely wounded.
Natasha casts a spell.
The worm misses you.
You slash the worm!
You kill the worm!
Trog accepts your kill.
Natasha howls an incantation.
Natasha shimmers violently.
An orc comes into view. It is wielding a short sword.
Natasha mewls in sadness.
You completely miss Natasha. Natasha barely misses you.
You closely miss Natasha. Natasha casts a spell at you.
The magic dart hits you!
You take 4 damage, and have 19/29 hp.
The orc shouts!
You hit Natasha.
Natasha is lightly wounded.
You barely miss the iron imp. Natasha closely misses you.
The iron imp misses you. The goblin hits you.
You take 1 damage, and have 18/29 hp.
Natasha claws you!
* * * LOW HITPOINT WARNING * * *
The orc sings a few bars from the Orcish anthem.
You take 9 damage, and have 9/29 hp.
MASSIVE DAMAGE!!
Your skin crawls.
You feel resistant to hostile enchantments.
You are feeling hungry.
Natasha mumbles some strange words.
The iron imp hits you.
* * * LOW HITPOINT WARNING * * *
The goblin misses you.
You take 2 damage, and have 7/29 hp.
Natasha barely misses you.
The crimson imp hits you but does no damage.
The crimson imp hits you.
* * * LOW HITPOINT WARNING * * *
You take 2 damage, and have 8/29 hp.
Natasha casts a spell at you. The magic dart hits you!
You die...

##.#......# .#
.........# .#
#........####.# #....
#......†....#
.....####......##.###
.......##......#<.#
......##......#.....#
#
#....##.$#####.###.#
#.#....##.@# #.. #
#......o5..# ###
##.##....#5h#
.........#g.#####
#.####.#5.......#
#.............#
####.##.......# #.
#.......# #.
#..######


You could see Natasha, a crimson imp, a shadow imp, an orc and a goblin.

Vanquished Creatures
  A worm (D:2)
  A leopard gecko (D:1)
  6 bats (D:1)
  A giant cockroach (D:1)
  2 goblins (D:1)
  5 hobgoblins (D:1)
  4 jackals (D:1)
  2 frilled lizards (D:1)
  2 kobolds (D:1)
  3 rats
27 creatures vanquished.

Notes
Turn   | Place    | Note
-------+----------+-------------------------------------------
     0 | D:1      | Monsterracer the Formicid Berserker began the quest for the Orb.
     0 | D:1      | Reached XP level 1. HP: 18/18 MP: 1/1
   194 | D:1      | Reached XP level 2. HP: 18/24 MP: 2/2
   342 | D:1      | HP: 12/24 [goblin (4)]
   549 | D:1      | Reached ** piety under Trog
   549 | D:1      | Reached XP level 3. HP: 28/29 MP: 3/3
   992 | D:2      | Noticed Natasha
  1002 | D:2      | HP: 9/29 [Natasha (9)]
  1007 | D:2      | HP: 8/29 [crimson imp[Natasha] (3)]
  1008 | D:2      | Killed from afar by Natasha

Skill      XL: |  1  2 |
---------------+-------+-----
Dodging        | 2 |  2.1
Fighting       | |  3.6
Axes           | |  3.5
Armour         | |  2.6

Action                   || total
-------------------------++-------
Melee: Hand axe          ||    87
Invok: Trog's Hand       ||     1
 Stab: Sleeping          ||     1
Armor: Animal skin       ||    31
Dodge: Dodged            ||    66

Vault maps used:
D:1:      sevenhm_arrival_forest_fort_small_3, minivault_25
D:2:      overflow_temple_1_default, lemuel_another_geyser, uniq_natasha,
          uniq_robin
